 Dungeon Crawl Stone Soup version 0.29.1-1-gd02db6906a (webtiles) character file.

Game seed: 2951757812838206462

45 gzilladon the Chopper (level 3, -1/33 HPs)
             Began as a Hill Orc Monk on Sept 26, 2022.
             Killed from afar by Sigmund (11 damage)
             ... with a puff of flame
             ... on level 2 of the Dungeon.
             The game lasted 00:04:03 (1366 turns).

gzilladon the Chopper (Hill Orc Monk)               Turns: 1366, Time: 00:04:04

Health: -1/33      AC:  2    Str: 15    XL:     3   Next: 64%
Magic:  3/3        EV: 12    Int: 10    God:
Gold:   85         SH:  0    Dex: 13    Spells: 2/2 levels left

rFire   . . .      SeeInvis .   d - +0 war axe
rCold   . . .      Faith    .   (no shield)
rNeg    . . .      Spirit   .   b - +0 robe
rPois   +          Reflect  .   (no helmet)
rElec   .          Harm     .   (no cloak)
rCorr   .          Rampage  .   (no gloves)
Will    .....                   (no boots)
Stlth   ++........              (no amulet)
HPRegen 0.11/turn               h - ring of poison resistance
MPRegen 0.08/turn               (no ring)

@: no status effects
A: no striking features
a: no special abilities


You were on level 2 of the Dungeon.
You visited 1 branch of the dungeon, and saw 2 of its levels.

You collected 85 gold pieces.

Inventory:

Hand Weapons
 a - a +0 hand axe
 d - a +0 war axe (weapon)
Missiles
 g - 11 stones (quivered)
 l - 6 poisoned darts
Armour
 b - a +0 robe (worn)
Jewellery
 h - a ring of poison resistance (left hand)
Scrolls
 e - a scroll of teleportation {unknown}
 i - a scroll of fear {unknown}
 j - a scroll of enchant armour {unknown}
 k - a scroll of vulnerability {unknown}
Potions
 c - a potion of ambrosia
 f - a potion of cancellation {unknown}


   Skills:
 + Level 4.0 Fighting
 * Level 5.3 Axes
 + Level 2.7 Dodging
 - Level 1.5 Stealth


You had 2 spell levels left.
You didn't know any spells.
Your spell library was empty.

Dungeon Overview and Level Annotations

Branches:
Dungeon (2/15)

Altars:

Annotations:
D:2 Sigmund


Message History

You kill the hobgoblin!
k - a scroll labelled TOROUDALAI
Things that are here:
a +0 short sword; a kobold corpse
Found a dagger.
You see here a +0 dagger.
A goblin comes into view. It is wielding a +0 dagger.
The goblin shouts!
You slash the goblin!
You kill the goblin!
You see here a +0 dagger.
Found 6 poisoned darts.
You see here 6 poisoned darts.
l - 6 poisoned darts
There is a stone staircase leading down here.
You open the door.
There is an open door here.
There is an open door here.
There is a stone staircase leading down here.
You climb downwards.
There is a stone staircase leading up here.
Sigmund the Dreaded comes into view.
He is wielding a +0 scythe.
Sigmund shouts!
Sigmund gestures at you while chanting. The magic dart hits you!
Sigmund says, "Your kind have come here before.
I understand now why.
You desire death..."
Sigmund points at you and mumbles some strange words.
You are confused.
Sigmund closely misses you. Sigmund gestures at you while chanting.
The puff of flame hits you! Sigmund barely misses you.
You're too confused to move!
Sigmund misses you.
You feel less confused. Sigmund hits you but does no damage.
Sigmund casts a spell at you. The magic dart hits you.
Sigmund points at you and mumbles some strange words.
The puff of flame hits you!
You die...

.. #. . #. ..
#.############
###.#............#
#.......########.#
#+#..............#
...........@....###
..........#####@#
........#.#<# #.#
........#.#.# #.#
........#.#.# #.#
........#.#.###.#
.......+.#.....#
#########


You could see Sigmund.

Vanquished Creatures
  2 dart slugs (D:1)
  2 ball pythons (D:1)
  5 endoplasms (D:1)
  5 goblins (D:1)
  5 hobgoblins (D:1)
  4 jackals (D:1)
  2 kobolds (D:1)
  3 quokkas (D:1)
  A frilled lizard (D:1)
  5 rats (D:1)
34 creatures vanquished.

Notes
Turn   | Place    | Note
-------+----------+-------------------------------------------
     0 | D:1      | gzilladon the Hill Orc Monk began the quest for the Orb.
     0 | D:1      | Reached XP level 1. HP: 19/19 MP: 1/1
   380 | D:1      | Reached XP level 2. HP: 21/27 MP: 2/2
   528 | D:1      | Reached XP level 3. HP: 12/33 MP: 3/3
   533 | D:1      | Reached skill level 5 in Axes
   945 | D:1      | Found a faded altar of an unknown god.
  1350 | D:2      | Noticed Sigmund
  1366 | D:2      | Killed from afar by Sigmund

Illustrated notes

Levels and vault maps discovered:
D:1:      dpeg_arrival_round_a, layout_basic,
          shapermc_ecumenical_altar_mp_highgroup, minmay_cupped
D:2:      layout_basic, uniq_sigmund

Skill      XL: |  1  2  3 |
---------------+----------+-----
Axes           | 5 |  5.3
Fighting       | 4 |  4.0
Dodging        | |  2.7
Stealth        | |  1.5

Action                   || total
-------------------------++-------
Melee: War axe           ||    76
       Hand axe          ||     8
       Punch             ||     1
 Stab: Sleeping          ||     1
Armor: Robe              ||    23
Dodge: Dodged            ||    66
